 Dungeon Crawl Stone Soup version 0.29-a0-380-gf50f0a9fbc (webtiles) character file.

Game seed: 16785899349448407731

4405 loir the Thaumaturge (level 10, 0/77 HPs)
             Began as a Djinni Conjurer on May 6, 2022.
             Was a Follower of Makhleb.
             Slain by an orc warrior
             ... wielding a +0 flail
              (16 damage)
             ... on level 9 of the Dungeon.
             The game lasted 00:59:38 (10473 turns).

loir the Thaumaturge (Djinni Conjurer)             Turns: 10473, Time: 00:59:38

Health: 0/77       AC:  7    Str:  6    XL:     10   Next: 61%
Gold:   512        EV: 12    Int: 27    God:    Makhleb [*.....] SH:  0 Dex: 12

rFire   + + +      SeeInvis .   F - +9 lance "Wyrmbane" {slay drac, rPois rF+ rC+ AC+3}
rCold   . . .      Faith    .   (no shield)
rNeg    . . .      Spirit   .   w - +1 robe of Beogh's Envy {rPois Int+3}
rPois   ∞          Reflect  .   (no helmet)
rElec   .          Harm     .   i - +0 cloak
rCorr   +          Rampage  .   (no gloves)
Will    +....                   (boots unavailable)
Stlth   ++........              (no amulet)
HPRegen 0.22/turn               B - ring of resist corrosion
MPRegen 0.00/turn               (no ring)

@: flying
A: sickness immunity, fire resistance 2, cold vulnerability 1, float, innate
caster, HP casting, extra vitality 1
a: Renounce Religion


You were on level 9 of the Dungeon.
You worshipped Makhleb.
Makhleb was aware of your devotion.
You visited 2 branches of the dungeon, and saw 10 of its levels.

You collected 512 gold pieces.

Inventory:

Hand Weapons
 j - a +2 mace of protection
 r - a +0 dagger of protection
 y - a +2 dagger of venom
 C - a +4 dagger of holy wrath
 F - the +9 lance "Wyrmbane" (weapon) {slay drac, rPois rF+ rC+ AC+3}
   (You took it off Maggie on level 7 of the Dungeon)

   It inflicts extra damage against dragons and draconians.
   AC:        It affects your AC (+3).
   rF:        It protects you from fire.
   rC:        It protects you from cold.
   rPois:     It protects you from poison.
Missiles
 e - 178 stones
 l - 35 poisoned darts
 m - 2 atropa-tipped darts
 o - 4 boomerangs
 K - a throwing net
Armour
 a - a +1 robe
 i - a +0 cloak (worn)
 p - the +0 ring mail "Maghinn" {Int+4}
   (You found it on level 3 of the Dungeon)

   Int:       It affects your intelligence (+4).
 u - a +1 robe of cold resistance
 w - the +1 robe of Beogh's Envy (worn) {rPois Int+3}
   (You found it on level 5 of the Dungeon)

   Int:       It affects your intelligence (+3).
   rPois:     It protects you from poison.
 A - a +1 robe of willpower
 G - +0 acid dragon scales
Jewellery
 B - a ring of resist corrosion (left hand)
Wands
 h - a wand of polymorph (10)
 q - a wand of iceblast (8)
 v - a wand of charming (10)
 D - a wand of flame (32)
 J - a wand of paralysis (5)
Scrolls
 g - 5 scrolls of magic mapping
 k - 3 scrolls of enchant armour
 x - a scroll of fear
 z - a scroll of brand weapon
 H - a scroll of blinking
Potions
 b - a potion of mutation
 c - a potion of haste
 d - 3 potions of cancellation
 f - 4 potions of ambrosia
 n - a potion of brilliance
 s - 2 potions of lignification
 t - 3 potions of curing
 E - 2 potions of might {unknown}
 I - a potion of degeneration {unknown}


   Skills:
 * Level 8.7 Fighting
 - Level 2.1 Dodging
 - Level 1.5 Stealth
 * Level 9.8 Spellcasting


You had 5 spell levels left.
You knew the following spells:

 Your Spells              Type           Power      Damage    Failure   Level
a - Magic Dart            Conj           100%       1d8       1%          1
b - Searing Ray           Conj           100%       2d8       1%          2
c - Dazzling Flash        Conj/Hex       100%       N/A       1%          3
d - Fulminant Prism       Conj/Hex       30%        3d16      1%          4
e - Iskenderun's Mystic   Conj/Tloc      61%        2d13      1%          4
f - Freeze                Ice            100%       1d11      1%          1
g - Corpse Rot            Necr/Air       100%       N/A       1%          2
h - Ozocubu's Armour      Ice            61%        N/A       1%          3
i - Confusing Touch       Hex            61%        N/A       1%          3
Your spell library was empty.

Dungeon Overview and Level Annotations

Branches:
Dungeon (9/15)             Temple (1/1) D:7
   Lair: D:8-11         Orc: D:9-12

Altars:
Ashenzari
Cheibriados
Dithmenos
Elyvilon
Fedhas
Gozag
Hepliaklqana
Kikubaaqudgha
Makhleb
Nemelex Xobeh
Okawaru
Qazlal
Ru
Sif Muna
Trog
Uskayaw
Vehumet
Wu Jian
Xom
Yredelemnul
Zin
The Shining One

Shops:
D:1 ::=*

Annotations:
D:4 1 runed translucent door, freelancePsychic's ghost, amateur KoBe


Innate Abilities, Weirdness & Mutations

You are immune to sickness and miasma.
You are immune to poison.
Your flesh is very heat resistant. (rF++)
You are vulnerable to cold. (rC-)
You float through the air rather than walking.
You learn spells naturally, not from books.
Your magical power is your life essence.
You have superior vitality. (+4 MHP)


Message History

Aim: an orc, wielding a +0 flail and wearing a +0 ring mail (wandering, hasn't noticed you, 100% to hit)
The magic dart hits the orc.
The orc is lightly wounded.
The orc shouts!
You hear a shout! x2
Casting: Magic Dart (safe; 1% risk of failure)
Confirm with . or Enter, or press ? or * to list all spells.
Aiming: Searing Ray (safe; 1% risk of failure)
Press: ? - help, Shift-Dir - straight line, f/p - orc
Aim: an orc, wielding a +0 flail and wearing a +0 ring mail (lightly wounded, 85% to hit)
The searing ray hits the orc.
The orc is severely wounded. (Press . to maintain the ray.)
* * * LOW HITPOINT WARNING * * *
An orc warrior comes into view. It is wielding a +0 flail.
The searing ray hits the orc.
You kill the orc!
Makhleb accepts your kill.
* * * LOW HITPOINT WARNING * * *
Casting: Searing Ray (safe; 1% risk of failure)
Confirm with . or Enter, or press ? or * to list all spells.
Restarting spell: Searing Ray (safe; 1% risk of failure)
Press: ? - help, Shift-Dir - straight line, f - orc warrior
Aim: an orc warrior, wielding a +0 flail and wearing a +0 chain mail (81% to hit)
The searing ray hits the orc warrior but does no damage. (Press . to maintain the ray.)
* * * LOW HITPOINT WARNING * * *
The searing ray hits the orc warrior.
The orc warrior is lightly wounded.
* * * LOW HITPOINT WARNING * * *
Casting: Searing Ray (safe; 1% risk of failure)
Confirm with . or Enter, or press ? or * to list all spells.
You erupt in a blast of force!
The mystic blast hits the orc warrior but does no damage.
The orc warrior is lightly wounded.
* * * LOW HITPOINT WARNING * * *
You hear a shout!
An orc comes into view. It is wielding a +0 club.
The orc warrior hits you with a +0 flail!
You die...

##.###.# ###
#.#.... #.# #.#
#.#.#.. #.# #.#
#.#.### #.# #.#
#...# #.# #.#
###.# #)# #.#
#)# #.#######
#.#
#.......###.###
#)#
#.##.#.@.).....
#)#
#.#.###o....###
#.###.##
)###### #.....#
). #..#### .#.
#..# ..#o #..#
.# ## #..# #.
#<.#


You could see an orc warrior and an orc (wandering).

Vanquished Creatures
  A two-headed ogre (D:8)
  A kobold demonologist (D:9)
  Maggie (D:7)
  A hornet (D:9)
  Sigmund (D:6)
  A wyvern (D:8)
  2 vampire mosquitoes (D:5)
  Menkaure (D:5)
  3 water moccasins
  An ice beast (D:7)
  2 orc warriors
  2 sky beasts (D:6)
  An ogre (D:5)
  3 phantoms
  A kobold brigand (D:6)
  3 bullfrogs
  A gnoll sergeant (D:9)
  3 scorpions
  2 necrophages
  A howler monkey (D:8)
  2 jellies
  3 orc priests
  A hound (D:4)
  An iguana (D:4)
  6 orc wizards
  8 adders
  11 gnolls
  A river rat (D:3)
  A white imp (D:6)
  An ufetubus (D:4)
  3 worms
  A dart slug (D:1)
  28 orcs
  4 endoplasms
  8 giant cockroaches
  10 goblins
  5 hobgoblins
  7 jackals
  3 quokkas
  6 ball pythons
  4 bats
  3 frilled lizards
  14 kobolds
  3 rats
166 creatures vanquished.

Vanquished Creatures (others)
  16 fulminant prisms
16 creatures vanquished.

Grand Total: 182 creatures vanquished

Notes
Turn   | Place    | Note
-------+----------+-------------------------------------------
     0 | D:1      | loir the Djinni Conjurer began the quest for the Orb.
     0 | D:1      | Reached XP level 1. HP: 15/15 MP: 0/0
   143 | D:1      | Reached XP level 2. HP: 20/22 MP: 0/0
   267 | D:1      | Found Dosseefimp's Book Emporium.
   306 | D:1      | Reached skill level 1 in Fighting
   379 | D:1      | Found Awnuilum's Jewellery Boutique.
   590 | D:1      | Found Cofiuj's Assorted Antiques.
   634 | D:1      | Found Tiq Segeoba's Book Emporium.
   857 | D:1      | Reached XP level 3. HP: 25/27 MP: 0/0
   857 | D:1      | Learned a level 1 spell: Freeze
  1946 | D:2      | Reached XP level 4. HP: 27/32 MP: 0/0
  1980 | D:2      | Reached skill level 4 in Spellcasting
  2438 | D:3      | Noticed a phantom
  2454 | D:3      | Killed a phantom
  2455 | D:3      | Reached XP level 5. HP: 9/39 MP: 0/0
  2455 | D:3      | Learned a level 2 spell: Corpse Rot
  3354 | D:3      | Found a faded altar of an unknown god.
  3543 | D:3      | Identified the +0 ring mail "Maghinn" {Int+4}
  3586 | D:3      | Reached XP level 6. HP: 28/45 MP: 0/0
  4034 | D:4      | Found a runed translucent door.
  4037 | D:4      | Noticed freelancePsychic's ghost (amateur KoBe)
  4096 | D:4      | Reached skill level 5 in Spellcasting
  4226 | D:4      | Noticed a water moccasin
  4231 | D:4      | Killed a water moccasin
  4232 | D:4      | Reached XP level 7. HP: 45/51 MP: 0/0
  4232 | D:4      | Learned a level 3 spell: Ozocubu's Armour
  5039 | D:5      | Entered Level 5 of the Dungeon
  5206 | D:5      | Reached skill level 6 in Spellcasting
  5285 | D:5      | Reached XP level 8. HP: 36/58 MP: 0/0
  5894 | D:5      | Noticed Menkaure
  5902 | D:5      | Reached skill level 5 in Fighting
  5906 | D:5      | Killed Menkaure
  6160 | D:5      | Identified the +1 robe of Beogh's Envy {rPois Int+3}
  6430 | D:6      | Reached skill level 7 in Spellcasting
  6653 | D:6      | Found a glowing golden altar of the Shining One.
  6654 | D:6      | Found a white marble altar of Elyvilon.
  6677 | D:6      | Noticed Sigmund
  6684 | D:6      | Killed Sigmund
  6793 | D:6      | Reached XP level 9. HP: 60/66 MP: 0/0
  6793 | D:6      | Learned a level 3 spell: Confusing Touch
  7036 | D:6      | Reached skill level 8 in Spellcasting
  8211 | D:7      | Found a staircase to the Ecumenical Temple.
  8220 | Temple   | Entered the Ecumenical Temple
  8345 | Temple   | Became a worshipper of Makhleb the Destroyer
  8396 | D:7      | Noticed Maggie
  8407 | D:7      | Killed Maggie
  8642 | D:7      | Found a broken altar of Ashenzari.
  9013 | D:8      | Reached XP level 10. HP: 17/75 MP: 0/0
  9287 | D:8      | Noticed a two-headed ogre
  9294 | D:8      | Killed a two-headed ogre
  9295 | D:8      | Reached skill level 9 in Spellcasting
  9613 | D:8      | Reached * piety under Makhleb
 10105 | D:9      | Noticed a kobold demonologist
 10120 | D:9      | Killed a kobold demonologist
 10473 | D:9      | Slain by an orc warrior

Illustrated notes

Levels and vault maps discovered:
D:1:      kennysheep_arrival_seaside, layout_loops_cross, serial_shops, shop,
          nicolae_diamond_shop, shop, nicolae_shop_hallway_stairs,
          minmay_indecisive_spiral
D:2:      layout_loops_corners, chequers_serial_rivers_micro_c
D:3:      corexii_shack_village, layout_basic,
          shapermc_ecumenical_altar_mp_highgroup, gup_sewer_entry_bowl
D:4:      layout_basic, gammafunk_ghost_grave, nicolae_ossuary_entry_plus
D:5:      layout_gridville, kennysheep_little_box, uniq_menkaure
D:6:      layout_gridville, nicolae_overflow_squiral, uniq_sigmund
D:7:      layout_basic, lemuel_tele_altar, minmay_temple_entry_statues,
          uniq_maggie
D:8:      layout_rooms
D:9:      layout_loops_ring, orc_0_dummy
Temple:   compressed_dpeg_circular_temple

Skill      XL: |  1  2  3  4  5  6  7  8  9 10 |
---------------+-------------------------------+-----
Fighting       | 1 2 3 4 5 7 8 |  8.7
Spellcasting   | 4 5 6 7 8 9 |  9.8
Dodging        | |  2.1
Stealth        | |  1.5

Action                   |  1- 3 |  4- 6 |  7- 9 | 10-12 || total
-------------------------+-------+-------+-------+-------++-------
Melee: Lance             |       |       |     4 |       ||     4
 Cast: Magic Dart        |    52 |    76 |    92 |    29 ||   249
       Searing Ray       |     5 |    14 |    42 |    17 ||    78
       Freeze            |       |     1 |     3 |     1 ||     5
       Ozocubu's Armour  |       |       |     9 |     2 ||    11
       Fulminant Prism   |       |       |     4 |    12 ||    16
       Corpse Rot        |       |       |     1 |     1 ||     2
       Confusing Touch   |       |       |     1 |       ||     1
       Iskenderun's Myst |       |       |       |     2 ||     2
  Use: Scroll            |     6 |     3 |     6 |     3 ||    18
Armor: Robe              |     4 |     9 |     9 |     4 ||    26
Dodge: Dodged            |     2 |    17 |    34 |     7 ||    60

Table legend: (Time is in decaauts)
 A = Elapsed time spent in this place.
 B = Non-inter-level travel time spent in this place.
 C = Inter-level travel time spent in this place.
 D = Time resting spent in this place.
 E = Time spent auto-exploring this place.
 F = Levels seen in this place.
 G = Mean time per level.
                   A        B        C        D        E       F      G
               +--------+--------+--------+--------+--------+-----+--------+
         Total |  10470 |  10137 |    333 |   1139 |   7958 |  10 | 1047.0 |
       Dungeon |  10311 |  10034 |    277 |   1139 |   7871 |   9 | 1145.7 |
        Temple |    158 |    102 |     56 |      0 |     87 |   1 |  158.0 |
               +--------+--------+--------+--------+--------+-----+--------+

Top non-repeatable levels by time:
     D:3: 1519 daAuts
     D:5: 1383 daAuts
     D:6: 1366 daAuts
     D:1: 1192 daAuts
     D:2: 1173 daAuts
     D:4: 1152 daAuts
     D:7: 971 daAuts
     D:8: 892 daAuts
     D:9: 659 daAuts
  Temple: 158 daAuts
